 Dungeon Crawl Stone Soup version 0.30.1-11-g7821555f0a (webtiles) character file.

Game seed: 464981552328054260

156 hawla the Firebug (level 5, 0/38 HPs)
             Began as a Meteoran Fire Elementalist on Dec 13, 2023.
             Slain by a kobold brigand
             ... wielding a +0 short sword
              (6 damage)
             ... in a sewer.
             The game lasted 00:04:16 (739 turns).

hawla the Firebug (Meteoran Fire Elementalist)       Turns: 739, Time: 00:04:17

Health: 0/38       AC:  2    Str:  9    XL:     5   Next: 97%
Magic:  4/10       EV: 13    Int: 19    God:
Gold:   29         SH:  0    Dex: 14    Spells: 7/10 levels left

rFire   . . .        k - +0 short sword (distort)
rCold   . . .        h - orb {*channel}
rNeg    . . .        a - +0 robe
rPois   .            (no helmet)
rElec   .            (no cloak)
rCorr   .            (no gloves)
SInv    .            (no boots)
Will    +....        (no amulet)
Stlth   +            g - ring of willpower
HPRegen 0.26/turn    (no ring)
MPRegen 0.12/turn

%: channel magic (20%)
@: glowing
A: sense surroundings 1, otherworldly, glowing, explore regen
a: no special abilities


You were in a sewer.
You visited 1 branch of the dungeon, and saw 3 of its levels.
You also visited: Sewer.

You collected 29 gold pieces.

Inventory:

Hand Weapons
 k - a +0 short sword of distortion (weapon)
Armour
 a - a +0 robe (worn)
 h - an orb of energy (worn)
Jewellery
 g - a ring of willpower (left hand)
Wands
 j - a wand of mindburst (1) (quivered)
Scrolls
 d - a scroll of poison {unknown}
 f - a scroll of magic mapping {unknown}
 l - a scroll of identify {unknown}
Potions
 e - a potion of heal wounds


   Skills:
 + Level 2.6 Short Blades
 - Level 2.9 Dodging
 - Level 1.4 Stealth
 - Level 3.2 Spellcasting
 - Level 1.4 Conjurations
 - Level 4.6 Fire Magic
 - Level 3.0 Evocations


You had 7 spell levels left.
You knew the following spells:

 Your Spells              Type           Power      Damage    Failure   Level
a - Foxfire               Conj/Fire      56%        2x1d6     13%         1
b - Scorch                Fire           40%        2d7       11%         2

Your spell library contained the following spells:

 Spells                   Type           Power      Damage    Failure   Level
 Necrotise                Necr           12%        1d4       34%         1
 Inner Flame              Hex/Fire       11%        N/A       36%         3
 Volatile Blastmotes      Fire/Tloc      22%        2d11      36%         3
 Flame Wave               Conj/Fire      14%        2d6       61%         4
 Vampiric Draining        Necr           3%         2d6       63%         3
 Agony                    Necr           3%         N/A       99%         5


Dungeon Overview and Level Annotations

Branches:
Dungeon (3/15) Zot: 1266    Sewer (1/1) Zot: 380

Altars:


Innate Abilities, Weirdness & Mutations

You passively map a small area around you.
You are easily found by Zot.
You glow in the dark.
You regain HP and MP as you explore.


Message History

The kobold barely misses you.
Casting: Foxfire (safe; 13% risk of failure)
Confirm with . or Enter, or press ? or * to list all spells.
Flames lash the kobold.
You kill the kobold!
The kobold brigand hits you with a +0 short sword.
The kobold hits you with a +0 dagger.
You closely miss the kobold brigand.
The kobold brigand is lightly wounded.
The kobold brigand hits you with a +0 short sword.
You hit the kobold brigand.
The kobold brigand is lightly wounded.
The kobold brigand hits you with a +0 short sword!
The kobold barely misses you. The kobold hits you but does no damage.
You hit the kobold but do no damage.
Space warps around the kobold.
You kill the kobold!
The kobold closely misses you.
The kobold brigand hits you with a +0 short sword.
* * * LOW HITPOINT WARNING * * *
Casting: Scorch (safe; 11% risk of failure)
Confirm with . or Enter, or press ? or * to list all spells.
You conjure some foxfire!
The kobold hits you with a +0 dagger.
* * * LOW HITPOINT WARNING * * *
The kobold brigand closely misses you.
Casting: Foxfire (safe; 13% risk of failure)
Confirm with . or Enter, or press ? or * to list all spells.
Flames lash the kobold brigand.
The kobold brigand is moderately wounded.
The kobold brigand's fire resistance burns away.
The foxfire hits the kobold brigand.
The kobold brigand is heavily wounded.
The foxfire hits the kobold.
You kill the kobold!
The kobold brigand barely misses you.
Casting: Scorch (safe; 11% risk of failure)
Confirm with . or Enter, or press ? or * to list all spells.
Flames lash the kobold brigand.
The kobold brigand is burned terribly!
The kobold brigand is almost dead.
The kobold brigand hits you with a +0 short sword.
You die...

* # # #### #[?#.
#..###### #### ~
#!....#K......## ###..##
#...))@.......###.....#
#!....#)................
#.?#. #...........†.##..
# #* #≈~~##.....†####..
~ *~#≈~~≈≈##......##...
~~ #≈#≈≈≈~~~~.~..~.....
≈#≈≈≈≈≈≈≈~≈≈~~≈..~..
#≈#≈≈≈≈≈≈≈≈≈≈≈≈~≈~≈~ # ~
#≈≈≈≈≈≈≈≈≈≈≈≈≈≈~≈≈≈


You could see a kobold brigand (combustible).

Vanquished Creatures
  A kobold brigand (Sewer)
  A gnoll (D:1)
  An adder (D:2)
  A river rat (Sewer)
  2 endoplasms (D:2)
  2 giant cockroaches
  A goblin (D:3)
  3 hobgoblins
  2 quokkas (D:1)
  4 ball pythons
  2 bats (D:1)
  2 frilled lizards (D:1)
  16 kobolds
  20 rats
58 creatures vanquished.

Vanquished Creatures (others)
  75 foxfires
75 creatures vanquished.

Grand Total: 133 creatures vanquished

Notes
Turn   | Place    | Note
-------+----------+-------------------------------------------
     0 | D:1      | hawla the Meteoran Fire Elementalist began the quest for
                  | the Orb.
     0 | D:1      | Reached XP level 1. HP: 14/14 MP: 5/5
    80 | D:1      | Reached XP level 2. HP: 20/20 MP: 0/6
    83 | D:1      | Learned a level 2 spell: Scorch
   149 | D:1      | Reached skill level 4 in Fire Magic
   182 | D:1      | Reached XP level 3. HP: 22/26 MP: 3/8
   192 | D:1      | Found a faded altar of an unknown god.
   448 | D:3      | Reached XP level 4. HP: 33/33 MP: 5/9
   519 | D:3      | Found a glowing drain.
   530 | Sewer    | Entered a sewer
   561 | Sewer    | Reached skill level 1 in Evocations
   644 | Sewer    | Noticed a kobold brigand
   658 | Sewer    | Killed a kobold brigand
   659 | Sewer    | Reached XP level 5. HP: 38/38 MP: 1/10
   725 | Sewer    | Noticed a kobold brigand
   739 | Sewer    | Slain by a kobold brigand

Illustrated notes

Levels and vault maps discovered:
D:1:      sevenhm_arrival_forest_fort_small_5, layout_loops_ring,
          shapermc_ecumenical_altar_gd
D:2:      layout_loops_ring, basic_altar
D:3:      layout_rooms, general_overflow_altar, cheibrodos_sewer_entry_drain,
          serial_shops, shop, uniq_crazy_yiuf_cottage
Sewer:    sewer_minmay_treatment

Skill      XL: |  1  2  3  4  5 |
---------------+----------------+-----
Spellcasting   | 3 |  3.2
Fire Magic     | 4 |  4.6
Evocations     | 2 3 |  3.0
Short Blades   | 2 |  2.6
Dodging        | |  2.9
Stealth        | |  1.4
Conjurations   | |  1.4

Action                     |  1- 3 |  4- 6 || total
---------------------------+-------+-------++-------
  Melee: Unarmed           |    11 |     6 ||    17
         Short sword       |       |    24 ||    24
   Cast: Foxfire           |    23 |    21 ||    44
         Scorch            |     7 |    14 ||    21
    Use: Potion            |       |     4 ||     4
 Armour: Robe              |     5 |     8 ||    13
  Dodge: Dodged            |    13 |    34 ||    47
